 Dungeon Crawl Stone Soup version 0.31-a0-174-g85c54bcb58 (webtiles) character file.

Game seed: 9522395440601209857

408 qw the Shooter (level 6, -1/39 HPs)
             Began as a Gargoyle Hunter on June 15, 2023.
             Was an Initiate of Okawaru.
             Slain by a yak (14 damage)
             ... on level 4 of the Dungeon.
             The game lasted 00:01:25 (3621 turns).

qw the Shooter (Gargoyle Hunter)                    Turns: 3621, Time: 00:01:26

Health: -1/39      AC:  9    Str: 14    XL:     6   Next: 88%
Magic:  6/6        EV: 10    Int: 10    God:    Okawaru [......]
Gold:   128        SH:  0    Dex: 15    Spells: 5/5 levels left

rFire   . . .        Y - +1 shortbow
rCold   . . .        (shield currently unavailable)
rNeg    + . .        f - +0 ring mail
rPois   inf          (no helmet)
rElec   +            (no cloak)
rCorr   .            (no gloves)
SInv    .            (no boots)
Will    .....        (no amulet)
Stlth   +            (no ring)
HPRegen 0.26/turn    (no ring)
MPRegen 0.10/turn

%: no passive effects
@: no status effects
A: sickness immunity, AC +4, negative energy resistance 1, electricity
resistance, torment resistance 1, petrification resistance
a: Renounce Religion


You were on level 4 of the Dungeon.
You worshipped Okawaru.
Okawaru was noncommittal.
You visited 2 branches of the dungeon, and saw 5 of its levels.

You collected 128 gold pieces.


Innate Abilities, Weirdness & Mutations

You are immune to sickness and miasma.
Your stone body is resilient. (AC +4)
You are immune to poison.
You resist negative energy. (rN+)
You are resistant to electric shocks. (rElec)
You are resistant to unholy torment.
You are immune to petrification.


   Skills:
 - Level 4.3 Fighting
 + Level 7.0 Ranged Weapons
 - Level 1.0 Armour
 - Level 1.5 Dodging
 - Level 1.1 Stealth


You had 5 spell levels left.
You didn't know any spells.
Your spell library was empty.

Inventory:

Hand Weapons
 Y - a +1 shortbow (weapon)
Armour
 f - a +0 ring mail (worn)
Scrolls
 b - 2 scrolls of identify
 h - 3 scrolls of teleportation
Potions
 c - 2 potions of heal wounds
 d - 2 potions of curing
 e - 2 potions of magic

Dungeon Overview and Level Annotations

Branches:
Dungeon (4/15)             Temple (1/1) D:4

Altars:
Cheibriados
Dithmenos
Fedhas
Gozag
Hepliaklqana
Kikubaaqudgha
Nemelex Xobeh
Okawaru
Trog
Uskayaw
Wu Jian
Xom
Yredelemnul
Zin

Annotations:
D:4 4 runed translucent doors


Message History

You kill the endoplasm!
Okawaru accepts your kill.
You shoot an arrow. The arrow completely misses the goblin.
The goblin barely misses you.
You shoot an arrow. The arrow hits the goblin.
The goblin is moderately wounded.
You hear a bellow!
A yak comes into view.
The goblin hits you with a +0 dagger.
You shoot an arrow. The arrow hits the goblin.
The goblin is almost dead.
The goblin hits you but does no damage.
You shoot an arrow. The arrow closely misses the goblin.
The goblin hits you with a +0 dagger.
You shoot an arrow. The arrow closely misses the goblin.
You shoot an arrow. The arrow barely misses the yak.
The yak gores you.
You shoot an arrow.
The arrow hits the yak but does no damage.
The yak barely misses you.
You shoot an arrow.
The arrow hits the yak but does no damage.
The yak barely misses you.
You shoot an arrow. The arrow hits the yak.
The yak is lightly wounded.
The yak gores you but does no damage.
You shoot an arrow. The arrow hits the yak.
The yak is lightly wounded.
The yak gores you!
You shoot an arrow. The arrow hits the yak.
The yak is moderately wounded.
The yak gores you!
You shoot an arrow.
The arrow hits the yak but does no damage.
The yak is moderately wounded.
The yak gores you but does no damage.
You shoot an arrow. The arrow hits the yak.
The yak is moderately wounded.
The yak gores you!
You die...

..# #.##8[|8##..# .##
#.#8)...8#..# .#
#.+......+..## .#
#.+.....z+...## #### .##
#.#8....8#....######..##
..####.##8[?8##.#...........#
#.......######..............#
#...###'# #'###..........#
#..##%.(###**#.#@##.........#
#..#.#%##|#*,##.#Y#..<......#
#..#.##.#.#*,,###g#.........#
##.#.#.##)#***,,*!#........##
#.#.###..#*,**,*.#.....(.##
#.##....####,,,,##......##
#..######..######.......#
##......................#
########..###..........#*


You could see a yak and a goblin.

Vanquished Creatures
  A black bear (D:4)
  A phantom (D:4)
  A bullfrog (D:4)
  A hound (D:3)
  6 adders
  2 dart slugs
  14 endoplasms
  4 giant cockroaches
  10 goblins
  7 hobgoblins
  3 jackals (D:3)
  4 quokkas
  8 ball pythons
  6 bats
  10 kobolds
  7 rats
85 creatures vanquished.

Notes
Turn   | Place    | Note
-------+----------+-------------------------------------------
     0 | D:1      | qw the Gargoyle Hunter began the quest for the Orb.
     0 | D:1      | Reached XP level 1. HP: 12/12 MP: 1/1
     0 | D:1      | 0 ||| qw: Version: 0.2-a-29-g511e9b1
     0 | D:1      | 0 ||| qw: Game counter: 5619
     0 | D:1      | 0 ||| qw: Always use a shield: true
     0 | D:1      | 0 ||| qw: God list: Okawaru
     0 | D:1      | 0 ||| qw: Allow faded altars: false
     0 | D:1      | 0 ||| qw: Do Orc after D:15 true
     0 | D:1      | 0 ||| qw: Do second Lair branch before Depths: true
     0 | D:1      | 0 ||| qw: Lair rune preference: random
     0 | D:1      | 0 ||| qw: Plans: Normal, Zot:1-4, Slime:5, God:TSO, Crypt,
                  | Tomb, Abyss, Pan, Hells, Win
     0 | D:1      | 0 ||| PLANNING D:1-11
    83 | D:1      | Found a faded altar of an unknown god.
   148 | D:1      | Reached XP level 2. HP: 16/17 MP: 2/2
   556 | D:1      | Reached XP level 3. HP: 21/21 MP: 3/3
   632 | D:1      | Reached skill level 5 in Ranged Weapons
   981 | D:1      | 981 ||| UPGRADING to +0 ring mail.
   991 | D:1      | 991 ||| DROPPING +0 leather armour.
   992 | D:1      | 992 ||| READING scroll labelled QUWOLU ADAHIM.
   997 | D:1      | 997 ||| READING 2 scrolls labelled WUBICW ODIA.
   998 | D:1      | 998 ||| DROPPING scroll of butterflies.
   999 | D:1      | 999 ||| DROPPING scroll of amnesia.
  1090 | D:2      | Reached skill level 1 in Armour
  1571 | D:2      | 1571 ||| READING scroll labelled FOHOGO HINLI.
  1572 | D:2      | 1572 ||| READING scroll labelled ZOULUR BIRR.
  1573 | D:2      | 1573 ||| READING scroll labelled ARUPLI IROETUE.
  1574 | D:2      | 1574 ||| DRINKING 2 clear potions.
  1575 | D:2      | 1575 ||| DRINKING 2 sapphire potions.
  1606 | D:3      | Reached XP level 4. HP: 27/27 MP: 4/4
  1618 | D:3      | Reached skill level 3 in Fighting
  1819 | D:3      | Reached XP level 5. HP: 32/32 MP: 5/5
  2594 | D:3      | 2594 ||| READING scroll labelled PURITW VEXAFF.
  2595 | D:3      | 2595 ||| READING 2 scrolls labelled ZOSHRU MEAW.
  2596 | D:3      | 2596 ||| READING 2 scrolls labelled GOENUG LAIM.
  2597 | D:3      | 2597 ||| DROPPING scroll of fog.
  2598 | D:3      | 2598 ||| DROPPING scroll of immolation.
  2619 | D:4      | Noticed a phantom
  2629 | D:4      | 2629 ||| STAIRDANCE
  2644 | D:4      | Killed a phantom
  2645 | D:4      | Reached skill level 6 in Ranged Weapons
  2836 | D:4      | Reached XP level 6. HP: 35/37 MP: 6/6
  3041 | D:4      | Noticed a black bear
  3052 | D:4      | Killed a black bear
  3138 | D:4      | Found a large runed translucent door.
  3139 | D:4      | Found a large runed translucent door.
  3142 | D:4      | Found a large runed translucent door.
  3142 | D:4      | Found a large runed translucent door.
  3278 | D:4      | Reached skill level 7 in Ranged Weapons
  3360 | D:4      | Identified the staff of cold "Juelok" {rF+ rC+}
  3391 | D:4      | Found a staircase to the Ecumenical Temple.
  3392 | D:4      | 3392 ||| PLANNING TEMPLE
  3392 | D:4      | 3392 ||| READING scroll labelled VUTECL QUOF.
  3393 | D:4      | 3393 ||| READING scroll labelled JESIAG LESIE.
  3396 | D:4      | 3396 ||| READING scroll labelled QULOER UNUIGAN.
  3397 | D:4      | 3397 ||| DRINKING 3 sedimented ruby potions.
  3399 | D:4      | 3399 ||| DRINKING 2 brown potions.
  3400 | D:4      | 3400 ||| DROPPING potion of invisibility.
  3407 | Temple   | Entered the Ecumenical Temple
  3436 | Temple   | 3436 ||| PLANNING OKAWARU WORSHIP
  3538 | Temple   | Became a worshipper of Warmaster Okawaru
  3539 | Temple   | 3539 ||| PLANNING D:1-11
  3610 | D:4      | Noticed a yak
  3621 | D:4      | Slain by a yak

Levels and vault maps discovered:
D:1:      giann_wishing_wells, layout_loops_corners, basic_ecumenical_altar
D:2:      layout_rooms, minmay_misc_feat_rows, minivault_23
D:3:      cheibrodos_helix_gallery, layout_loops_corners, nicolae_hexahallways,
          grunt_ministairs_2
D:4:      layout_layer_cave, minmay_temple_entry_crystal_x, wad_floor_pattern_2,
          minmay_hollow_rounded_squares, uniq_natasha
Temple:   nicolae_temple_superstar

Skill      XL: |  1  2  3  4  5  6 |
---------------+-------------------+-----
Ranged Weapons | 5 6 7 |  7.0
Armour         | 1 |  1.0
Fighting       | 3 4 |  4.3
Dodging        | |  1.5
Stealth        | |  1.1

Action                     |  1- 3 |  4- 6 || total
---------------------------+-------+-------++-------
   Fire: Shortbow          |   126 |   209 ||   335
    Use: Scroll            |     5 |     6 ||    11
         Potion            |     2 |     2 ||     4
 Armour: Leather armour    |    12 |       ||    12
         Ring mail         |     8 |    90 ||    98
  Dodge: Dodged            |    22 |    83 ||   105

Table legend:
 A = Non-vault XP
 B = Vault XP
 C = Vault XP percentage of total XP
 D = Non-vault monster count
 E = Vault monster count
 F = Vault count percentage of total count
                 A         B        C        D         E       F
            +---------+---------+-------+---------+---------+-------
      Total |     470 |     113 |  19.4 |      76 |       9 |  10.6
            +---------+---------+-------+---------+---------+-------
        D:1 |      48 |       0 |   0.0 |      28 |       0 |   0.0
        D:2 |      33 |       0 |   0.0 |      13 |       0 |   0.0
        D:3 |     117 |       8 |   6.4 |      24 |       4 |  14.3
        D:4 |     272 |     105 |  27.9 |      11 |       5 |  31.2
            +---------+---------+-------+---------+---------+-------
